 Dungeon Crawl Stone Soup version 0.31-a0-1591-g515db51633 (webtiles) character file.

Game seed: 8583362969293297409

141684 Persephone the Brawler (level 17, -1/96 HPs)
             Began as a Vine Stalker Berserker on Jan 3, 2024.
             Was a High Priest of Trog.
             Killed by angry trees
             ... awakened by a spriggan druid
              (7 damage)
             ... on level 3 of the Swamp on Jan 6, 2024.
             The game lasted 00:58:01 (25117 turns).

Persephone the Brawler (Vine Stalker Berserker)    Turns: 25117, Time: 00:58:02

Health: -1/96      AC: 25    Str: 31    XL:     17   Next: 33%
Magic:  0/22       EV:  9    Int:  7    God:    Trog [*****.]
Gold:   2000       SH: 16    Dex: 14    Spells: 16/16 levels left

rFire   . .          .
                       - Unarmed
rCold   . . .        U - +2 kite shield
rNeg    . . .        m - +1 shadow dragon scales
rPois   +            I - +1 hat {Stlth+}
rElec   .            B - +0 cloak
rCorr   +            L - +1 pair of gloves {Str+3}
SInv    .            F - +1 pair of boots of the Desert {Fly}
Will    ++...        G - amulet of reflection
Stlth   +++++        O - ring of resist corrosion
HPRegen 1.16/turn    u - ring of poison resistance
MPRegen 0.18/turn

%: reflection, guardian spirit
@: about to teleport, flying
A: fangs 3, regeneration 1, magic shield, antimagic bite, no potion heal 2
a: Renounce Religion, Berserk, Trog's Hand, Brothers in Arms


You were on level 3 of the Swamp.
You worshipped Trog.
Trog was extremely pleased with you.
You visited 5 branches of the dungeon, and saw 26 of its levels.

You collected 2750 gold pieces.
You spent 750 gold pieces at shops.

Inventory:

Missiles
 r - 12 javelins
 C - 5 throwing nets
Armour
 m - +1 shadow dragon scales (worn)
 B - a +0 cloak (worn)
 F - the +1 pair of boots of the Desert (worn) {Fly}
   (You found it on level 2 of the Swamp)

   Fly:       It grants you flight.
 I - a +1 hat of stealth (worn)
 L - a +1 pair of gloves of strength (worn)
 U - a +2 kite shield (worn)
Jewellery
 f - a ring of protection from cold
 h - a ring of positive energy
 j - a ring of flight
 u - a ring of poison resistance (right hand)
 v - a +4 ring of slaying
 G - an amulet of reflection (around neck)
 N - a ring of willpower
 O - a ring of resist corrosion (left hand)
 P - an amulet of the acrobat
 Q - a ring of willpower
 X - the ring "Renyan" {Ice Int+3 SInv Stlth+}
   (You found it on level 2 of the Swamp)

   [ring of ice]

   Ice:       It enhances your ice magic.
   Int+3:     It affects your intelligence (+3).
   rF-:       It makes you vulnerable to fire.
   rC+:       It protects you from cold.
   SInv:      It lets you see invisible.
   Stlth+:    It makes you more stealthy.
 Y - a ring of protection from fire
Wands
 z - a wand of paralysis (22)
 A - a wand of polymorph (17)
 E - a wand of flame (20)
 M - a wand of mindburst (21)
 T - a wand of quicksilver (9)
 V - a wand of roots (16)
Scrolls
 a - 2 scrolls of fog
 c - 2 scrolls of vulnerability
 g - 5 scrolls of enchant weapon
 i - 8 scrolls of immolation
 o - a scroll of revelation
 s - 9 scrolls of teleportation
 y - 3 scrolls of noise
 D - 3 scrolls of identify
 R - 4 scrolls of enchant armour
 W - a scroll of poison
 Z - a scroll of butterflies {unknown}
Potions
 b - 3 potions of degeneration
 d - 4 potions of heal wounds
 e - 12 potions of ambrosia
 k - a potion of cancellation
 l - 10 potions of curing
 n - 4 potions of magic
 p - 4 potions of mutation
 q - 4 potions of brilliance
 t - 2 potions of haste
 w - 9 potions of might
 x - 2 potions of invisibility {unknown}
 H - 3 potions of enlightenment {unknown}
 J - a potion of lignification {unknown}
 K - 5 potions of attraction {unknown}
 S - a potion of resistance {unknown}


   Skills:
 + Level 13.7 Fighting
 - Level 5.0 Throwing
 + Level 12.5 Armour
 - Level 2.0 Dodging
 - Level 5.0 Stealth
 + Level 5.5 Shields
 * Level 20.3 Unarmed Combat
 - Level 6.2 Invocations


You had 16 spell levels left.
You didn't know any spells.
Your spell library was empty.

Dungeon Overview and Level Annotations

Branches:
Dungeon (13/15)            Temple (0/1) D:6            Lair (5/5) D:8
  Swamp (3/4) Lair:2        Snake (3/4) Lair:3          Orc (2/2) D:12
    Elf (0/3) Orc:2
  Slime: Lair:4-5    Vaults: D:13-14

Altars:
Ashenzari
Cheibriados
Dithmenos
Fedhas
Hepliaklqana
Nemelex Xobeh
Qazlal
Trog
Wu Jian
Xom
Zin
The Shining One
Jiyva

Shops:
D:4 [?   Orc:2 [[(:   Snake:1 :=:

Annotations:
D:6 2 transporters
Lair:1 1 runed translucent door, Nyony's ghost, journeyman TrSh
Lair:5 exclusion: oklob plant


Innate Abilities, Weirdness & Mutations

You have razor-sharp teeth.
Your natural rate of healing is unusually fast.
When hurt, damage is shared between your health and your magic reserves.
Your bite disrupts and absorbs the magic of your enemies.
Potions cannot restore your health.


Message History

The fenstrider witch points at you and mumbles some strange words.
You easily resist.
You barely miss the fenstrider witch. Your bite misses the fenstrider witch.
The fenstrider witch is lightly wounded.
A root smacks you from below!
* * * LOW HITPOINT WARNING * * *
The six-headed hydra closely misses you.
The six-headed hydra bites you!
* * * LOW HITPOINT WARNING * * *
The six-headed hydra bites you but does no damage.
You block the six-headed hydra's attack. x3
The fenstrider witch gestures at you while chanting.
You resist with significant effort.
The swamp worm bites you but does no damage.
As you read the scroll of teleportation, it crumbles to dust.
You feel strangely unstable. A tree reaches out and hits you!
* * * LOW HITPOINT WARNING * * *
The six-headed hydra bites you but does no damage.
The six-headed hydra closely misses you.
The six-headed hydra bites you!
* * * LOW HITPOINT WARNING * * *
The six-headed hydra barely misses you.
The six-headed hydra bites you but does no damage. x2
You block the fenstrider witch's attack. x2
The swamp worm bites you but does no damage.
Okay, then.
Okay, then.
You miss the swamp worm. The fenstrider witch hits you.
* * * LOW HITPOINT WARNING * * *
You block the fenstrider witch's attack.
You block the six-headed hydra's attack. x2
The six-headed hydra bites you but does no damage.
The six-headed hydra barely misses you.
The six-headed hydra bites you but does no damage.
The six-headed hydra closely misses you.
The swamp worm bites you.
* * * LOW HITPOINT WARNING * * *
As you read the scroll of fog, it dissolves into smoke.
A tree reaches out and hits you!
You die...

♣♣...~.~.~~♣ ≈≈~≈~≈n
#.~~.♣ ♣.≈.~♣~.~~♣
...♣.♣... ♣.~..♣
♣..~###♣♣#♣ #♣###~#♣♣♣♣
♣#♣#♣♣ ♣.~~♣ ♣ ♣ ♣♣≈~≈♣
♣♣~~.#♣. .♣♣ ♣♣~≈~≈~≈
♣♣.~~♣.# #.♣ ♣♣~≈~≈~
♣♣.~~♣.#
#.♣♣♣§§~♣♣♣♣♣~≈
...~.#.#.#.♣♣~§w♣D§~..♣
~~~~§♣.#.#.#♣≈~♣@#
♣~..~♣.#.#.♣≈~≈♣H#
♣...~~.#⌠#..~≈~♣Hi
♣.~.~#.#.#.♣≈~≈♣.#D
..~~~#(#.#.#♣≈~♣.##~
♣♣~~~♣.#)#.#♣~≈~♣. ~.
♣♣..♣.#.#.♣♣♣~≈~♣ ♣♣
♣♣~♣.#'#.♣ ♣♣~≈~≈
♣~~#♣...♣# ♣~≈~≈~


You could see a six-headed hydra, 2 fenstrider witches, a spriggan druid and a
swamp worm.

Vanquished Creatures
  Rupert (Snake:1)
  Jorgrun (Swamp:1)
  Frances (D:13)
  Gastronok (Lair:1)
  A thorn hunter (Swamp:1)
  Kirke (Lair:4)
  Aizul (Snake:1)
  A nagaraja (Snake:2)
  A ghoul (Swamp:1)
  5 eleionomae
  2 bunyips
  Harold (D:11)
  A shambling mangrove (Swamp:1)
  4 anacondas
  A ghost crab (Swamp:3)
  7 hydras
  2 centaur warriors (D:13)
  3 catoblepae (Lair:5)
  6 alligators
  4 boulder beetles
  3 naga warriors
  A tengu warrior (D:13)
  A two-headed ogre (D:13)
  21 death yaks
  Urug (Lair:1)
  3 demonic crawlers (D:13)
  4 orc high priests (Orc:2)
  8 naga sharpshooters
  6 shock serpents
  7 spriggans
  Amaemon (Lair:1)
  3 goliath frogs
  A skyshark (Lair:4)
  Lodul (D:12)
  8 mana vipers
  2 spriggan druids (Swamp:3)
  5 naga ritualists
  2 swamp dragons (Swamp:3)
  12 bog bodies
  3 orc sorcerers (Orc:2)
  2 will-o-the-wisps (Swamp:3)
  3 ugly things (D:12)
  3 manticores
  3 salamanders
  23 elephants
  36 black mambas
  2 naga magi
  10 cane toads
  3 gargoyles (D:12)
  An orange demon (Lair:1)
  An unseen horror (D:12)
  Jeremiah (Lair:1)
  4 rime drakes
  A tengu conjurer (D:12)
  3 komodo dragons
  A troll (Orc:1)
  8 polar bears
  5 hornets
  A queen bee (D:9)
  9 blink frogs
  Grinder (D:6)
  11 tyrant leeches
  3 wraiths
  5 wyverns
  40 yaks
  2 vampires
  9 slime creatures (D:12)
  2 basilisks
  2 hogs (Lair:4)
  A steam dragon (D:10)
  Grum (D:10)
  13 vampire mosquitoes
  A warg (Orc:1)
  11 nagas
  2 acid dragons
  21 water moccasins
  9 swamp worms
  22 orc warriors
  3 ice beasts
  A black bear (D:4)
  3 swamp drakes
  9 ogres
  9 wolves
  9 centaurs
  A kobold brigand (D:10)
  4 necrophages (Swamp:1)
  9 bullfrogs
  3 scorpions
  4 wights (D:8)
  40 killer bees
  3 electric eels (D:12)
  2 howler monkeys
  37 orc priests
  2 hounds
  2 jellies
  2 sleepcaps (D:5)
  Crazy Yiuf (D:7)
  A gnoll bouda (D:10)
  29 orc wizards
  3 iguanas
  Natasha (thrice) (D:2)
  Robin (D:2)
  A gnoll (D:10)
  8 adders
  5 white imps
  3 ribbon worms
  A dart slug (D:2)
  57 orcs
  2 bats
  4 endoplasms
  5 giant cockroaches
  21 goblins
  10 hobgoblins
  3 jackals (D:1)
  8 kobolds
  2 quokkas
  4 ball pythons
  5 frilled lizards
  3 rats
737 creatures vanquished.

Vanquished Creatures (others)
  2 bloated husks (Swamp:3)
  A hornet (Swamp:3)
  A spriggan (Swamp:3)
  A human (Lair:4)
  An orc wizard (Orc:2)
  2 foxfires (Swamp:3)
8 creatures vanquished.

Grand Total: 745 creatures vanquished

Notes
Turn   | Place    | Note
-------+----------+-------------------------------------------
     0 | D:1      | Persephone the Vine Stalker Berserker began the quest for
                  | the Orb.
     0 | D:1      | Reached XP level 1. HP: 11/11 MP: 2/2
   104 | D:1      | Found a faded altar of an unknown god.
   149 | D:1      | Reached XP level 2. HP: 9/16 MP: 1/3
   766 | D:1      | Reached XP level 3. HP: 19/19 MP: 4/4
  1003 | D:2      | Noticed Robin
  1021 | D:2      | Killed Robin
  1026 | D:2      | Reached ** piety under Trog
  1037 | D:2      | Reached skill level 4 in Unarmed Combat
  1070 | D:2      | Reached XP level 4. HP: 24/24 MP: 2/5
  1282 | D:2      | Noticed Natasha
  1291 | D:2      | Killed Natasha
  1322 | D:2      | Noticed Natasha
  1334 | D:2      | Killed Natasha
  1417 | D:2      | Reached XP level 5. HP: 28/28 MP: 4/6
  1534 | D:2      | Noticed Natasha
  1545 | D:2      | Killed Natasha
  1796 | D:3      | Found a bloodstained altar of Trog.
  2700 | D:4      | Reached *** piety under Trog
  2708 | D:4      | Noticed a black bear
  2715 | D:4      | Killed a black bear
  2716 | D:4      | Reached skill level 5 in Unarmed Combat
  2716 | D:4      | Reached XP level 6. HP: 33/33 MP: 7/7
  2769 | D:4      | Found Lailup's Armour Shoppe.
  2935 | D:4      | Found a shadowy altar of Dithmenos.
  3036 | D:4      | Found Liloisiv's Magic Scroll Shop.
  3072 | D:5      | Entered Level 5 of the Dungeon
  3072 | D:5      | Noticed a water moccasin
  3081 | D:5      | Killed a water moccasin
  3087 | D:5      | Reached XP level 7. HP: 23/37 MP: 6/8
  3127 | D:5      | Reached skill level 6 in Unarmed Combat
  3269 | D:5      | Identified the ring "Voimiuto" {MP+9 Int+6}
  3525 | D:5      | Gained mutation: You have razor-sharp teeth. [Vine Stalker
                  | growth]
  3525 | D:5      | Reached XP level 8. HP: 42/42 MP: 9/9
  3534 | D:5      | Reached skill level 7 in Unarmed Combat
  3621 | D:5      | Found an ornate altar of the Wu Jian Council.
  3734 | D:6      | Found a transporter.
  3754 | D:6      | Reached skill level 5 in Fighting
  3792 | D:6      | Found a staircase to the Ecumenical Temple.
  3914 | D:6      | Found a transporter.
  3986 | D:6      | Reached **** piety under Trog
  4061 | D:6      | Noticed Grinder
  4082 | D:6      | Killed Grinder
  4083 | D:6      | Reached skill level 8 in Unarmed Combat
  4594 | D:7      | Reached XP level 9. HP: 47/48 MP: 8/10
  4654 | D:7      | Reached skill level 5 in Armour
  4889 | D:7      | Found a runed translucent door.
  4891 | D:7      | Noticed Crazy Yiuf
  4957 | D:7      | Reached skill level 9 in Unarmed Combat
  4980 | D:7      | Found a glowing silver altar of Zin.
  5181 | D:7      | Killed Crazy Yiuf
  5298 | D:8      | Found a broken altar of Ashenzari.
  5602 | D:8      | Found a staircase to the Lair.
  5660 | D:8      | Found a glowing golden altar of the Shining One.
  5685 | D:8      | Found a blossoming altar of Fedhas.
  5982 | D:8      | Reached skill level 10 in Unarmed Combat
  6221 | D:9      | Reached skill level 1 in Stealth
  6361 | D:9      | Found a snail-covered altar of Cheibriados.
  6402 | D:9      | Reached skill level 1 in Invocations
  6402 | D:9      | Reached XP level 10. HP: 53/53 MP: 11/11
  6498 | D:9      | Found a stormy altar of Qazlal.
  6707 | D:9      | Found a sparkling altar of Nemelex Xobeh.
  6792 | D:9      | Found a hazy altar of Hepliaklqana.
  7380 | D:10     | Entered Level 10 of the Dungeon
  7444 | Lair:1   | Entered Level 1 of the Lair of Beasts
  7457 | Lair:1   | Noticed Urug
  7460 | Lair:1   | Noticed a cane toad
  7478 | D:8      | Killed a cane toad
  7518 | Lair:1   | Killed Urug
  7519 | Lair:1   | Reached skill level 11 in Unarmed Combat
  7549 | Lair:1   | Noticed Jeremiah
  7614 | Lair:1   | Reached XP level 11. HP: 58/58 MP: 14/14
  7664 | Lair:1   | Killed Jeremiah
  7665 | Lair:1   | Reached skill level 5 in Stealth
  7698 | Lair:1   | Noticed Amaemon
  7709 | Lair:1   | HP: 1/58 [poisoned by an orange demon]
  8084 | Lair:1   | Reached skill level 12 in Unarmed Combat
  8180 | Lair:1   | Noticed Gastronok
  8191 | Lair:1   | Killed Gastronok
  8261 | Lair:1   | Killed Amaemon
  8265 | Lair:1   | Reached skill level 5 in Invocations
  8552 | Lair:1   | Found a runed translucent door.
  8554 | Lair:1   | Found a shimmering altar of Xom.
  8554 | Lair:1   | Noticed a +1 quarterstaff of chaos
  8554 | Lair:1   | Noticed Nyony's ghost (journeyman TrSh)
  8694 | Lair:2   | Noticed a death yak
  8697 | Lair:2   | Noticed a death yak
  8697 | Lair:2   | Noticed a death yak
  8698 | Lair:2   | Noticed a death yak
  8699 | Lair:2   | Noticed a death yak
  8715 | Lair:2   | Killed a death yak
  8716 | Lair:2   | Reached XP level 12. HP: 37/65 MP: 15/17
  8728 | Lair:1   | Killed a death yak
  8741 | Lair:2   | Noticed a death yak
  8761 | Lair:1   | Killed a death yak
  8762 | Lair:1   | Reached skill level 13 in Unarmed Combat
  8768 | Lair:1   | Killed a death yak
  8852 | Lair:1   | Killed a death yak
  8909 | Lair:2   | Killed a death yak
  9634 | Lair:2   | Reached skill level 14 in Unarmed Combat
  9667 | Lair:2   | HP: 4/100 [wolf (5)]
  9672 | Lair:2   | Reached skill level 1 in Throwing
  9732 | Lair:2   | Found a staircase to the Swamp.
 10158 | Lair:3   | You fall into a shaft and drop 1 floor!
 10332 | Lair:3   | Reached XP level 13. HP: 66/70 MP: 18/18
 10393 | Lair:3   | Found a dark tunnel.
 10579 | Lair:3   | Found a staircase to the Snake Pit.
 11161 | Lair:4   | Noticed Kirke
 11174 | Lair:4   | Killed Kirke
 11242 | Lair:4   | Reached skill level 10 in Fighting
 11704 | Lair:4   | Reached skill level 15 in Unarmed Combat
 12022 | Lair:5   | Entered Level 5 of the Lair of Beasts
 12294 | Lair:5   | Reached XP level 14. HP: 35/77 MP: 19/19
 12451 | Lair:5   | Reached skill level 5 in Throwing
 12492 | Lair:5   | Reached skill level 16 in Unarmed Combat
 12928 | Lair:5   | Reached skill level 10 in Armour
 13360 | Lair:5   | Found a viscous altar of Jiyva.
 13673 | D:10     | Noticed Grum
 13684 | D:10     | Killed Grum
 14614 | D:11     | Noticed Harold
 14628 | D:11     | Killed Harold
 14969 | D:11     | Found a frozen archway.
 15269 | D:12     | Reached skill level 17 in Unarmed Combat
 15423 | D:12     | Noticed Lodul
 15436 | D:12     | Killed Lodul
 15633 | D:12     | Found a staircase to the Orcish Mines.
 16270 | D:12     | Reached XP level 15. HP: 37/84 MP: 6/20
 16505 | Orc:1    | Entered Level 1 of the Orcish Mines
 16670 | Orc:2    | Entered Level 2 of the Orcish Mines
 16771 | Orc:2    | Reached ***** piety under Trog
 16803 | Orc:2    | Found a staircase to the Elven Halls.
 17021 | Orc:2    | Received a gift from Trog
 17197 | Orc:2    | Found Baolylluvei's Weapon Shoppe.
 17197 | Orc:2    | Found Coumpuf's Book Shoppe.
 17203 | Orc:2    | Found Zios Zim's Antique Armour Emporium.
 17207 | Orc:2    | Found Zurem's Antique Armour Emporium.
 17573 | Orc:2    | Bought a pair of glowing gloves for 277 gold pieces
 17578 | Orc:2    | Bought a pair of runed gloves for 277 gold pieces
 17783 | D:4      | Bought a scroll of identify for 28 gold pieces
 17783 | D:4      | Bought a scroll of teleportation for 42 gold pieces
 17783 | D:4      | Bought a scroll of teleportation for 42 gold pieces
 17783 | D:4      | Bought a scroll of teleportation for 42 gold pieces
 17783 | D:4      | Bought a scroll of teleportation for 42 gold pieces
 18129 | Orc:1    | Found a bloodstained altar of Trog.
 18529 | Snake:1  | Entered Level 1 of the Snake Pit
 18562 | Snake:1  | Identified the serpent talisman of the Little Devil {rElec
                  | Str+7 Int+3 Dex-4}
 18562 | Snake:1  | Noticed Aizul
 18912 | D:13     | Reached skill level 18 in Unarmed Combat
 19305 | D:13     | Noticed Frances
 19324 | D:13     | Killed Frances
 19809 | Snake:1  | Received a gift from Trog
 19871 | Snake:1  | Killed Aizul
 19989 | Snake:1  | Noticed Rupert
 19999 | Snake:1  | Killed Rupert
 20339 | Snake:1  | Found Zedy's Book Boutique.
 20339 | Snake:1  | Found Myskueth's Jewellery Emporium.
 20341 | Snake:1  | Found Tevam's Book Boutique.
 20727 | Swamp:1  | Entered Level 1 of the Swamp
 20822 | Swamp:1  | Reached skill level 1 in Shields
 20854 | Swamp:1  | Noticed a thorn hunter
 20867 | Swamp:1  | Killed a thorn hunter
 20868 | Swamp:1  | Reached XP level 16. HP: 90/90 MP: 18/21
 21014 | Swamp:1  | Reached skill level 19 in Unarmed Combat
 21187 | Swamp:1  | Noticed Jorgrun
 21207 | Swamp:1  | Killed Jorgrun
 21402 | Swamp:1  | You fall into a shaft and drop 1 floor!
 21453 | Swamp:2  | Found a transporter.
 21499 | Swamp:2  | Found a transporter.
 22364 | Swamp:2  | Identified the +1 pair of boots of the Desert {Fly}
 22367 | Swamp:2  | Identified the ring "Renyan" {Ice Int+3 SInv Stlth+}
 22557 | Snake:2  | Upgraded the game from 0.31-a0-1570-g93c622d222 to
                  | 0.31-a0-1576-ga3383bade6
 22712 | Snake:2  | Noticed a nagaraja
 22723 | Snake:2  | Killed a nagaraja
 23568 | Snake:3  | Reached XP level 17. HP: 95/95 MP: 22/22
 23573 | Snake:3  | Reached skill level 20 in Unarmed Combat
 23877 | Snake:3  | Reached skill level 5 in Shields
 24212 | Snake:3  | Upgraded the game from 0.31-a0-1576-ga3383bade6 to
                  | 0.31-a0-1591-g515db51633
 25117 | Swamp:3  | Killed from afar by a spriggan druid

Illustrated notes

Levels and vault maps discovered:
D:1:      psy_arrival_spokes, layout_basic, shapermc_ecumenical_altar_notcrosses
D:2:      layout_basic, uniq_natasha, uniq_robin
D:3:      layout_basic, lemuel_tele_altar, corner_web_ring
D:4:      layout_rooms, grunt_dithmenos_smoke, serial_shops,
          nicolae_shop_advertising_works [nicolae_subvault_shop_adworks],
          nicolae_shop_hallway_plus
D:5:      layout_rooms, nzn_wu_jian_contemplation, minmay_crystal_room,
          grunt_ministairs_7, minmay_ogre_servants
D:6:      gammafunk_steamed_eel, layout_basic, temple_hall, uniq_grinder
D:7:      layout_rooms, mainiacjoe_overflow_small_starburst,
          minmay_misc_feat_room, uniq_crazy_yiuf_cottage
D:8:      layout_cave_pods, old_standard_altar, nicolae_ashenzari_panopticon,
          fedhas_altar_2, lair_entry_dummy
D:9:      layout_basic, nicolae_qazlal_scattered_showers,
          mainiacjoe_overflow_brackets, nemelex_xobeh_ov_fountains_minmay,
          nicolae_hepliaklqana_hippocampus, special_room [special_room_bee]
D:10:     layout_layer_cave, corexii_checkpoint, dreamdust_gnoll_shepherd,
          uniq_grum
D:11:     layout_gridville, portal_ice_cave_entry_pillars_2, uniq_harold
D:12:     layout_basic, david_orc_3, uniq_lodul
D:13:     layout_roguey, einodemon_crawler_minivault, uniq_frances
Lair:1:   layout_chaotic_city, ebering_ghost_xom, st_stairs_10,
          infiniplex_staircase_pool_2, uniq_urug, uniq_gastronok, uniq_amaemon,
          uniq_jeremiah
Lair:2:   layout_long_grid, minmay_swamp_entry_worms, grunt_megastairs_2
Lair:3:   layout_regular_city, dummy_snake_entry, nicolae_volcano_entry_hallway,
          chequers_serial_rivers_micro_e
Lair:4:   layout_cave_pods, nicolae_lair_grove_arrangements, uniq_kirke
Lair:5:   evilmike_catoblepas_cave, layout_hall_layers,
          minmay_slime_entry_oklob_enclosed, columned_hall_lemuel, st_stairs_4
Swamp:1:  layout_basic_swamp, nicolae_swamp_fairy_circle, swamp_pool_1_2,
          hangedman_swamp_ravenous, uniq_jorgrun
Swamp:2:  gammafunk_worm_tunnel, layout_basic_swamp, nicolae_swamp_triple_paths
Swamp:3:  nzn_winding_woodlands_cross [nzn_winding_woodlands_5x15_concentric,
          nzn_winding_woodlands_5x15_longhouse,
          nzn_winding_woodlands_5x15_lazy_stream,
          nzn_winding_woodlands_5x15_river_crossing,
          nzn_winding_woodlands_15x15_witchcraft], layout_falls_marsh,
          serial_swamp_ruin, hangedman_swamp_ruin_hall,
          evilmike_swamp_ruin_house_5, swamp_pool_1_2,
          nicolae_swamp_tree_designs
Snake:1:  layout_misc_corridors, minmay_shop_grove, uniq_rupert, uniq_aizul
Snake:2:  layout_basic
Snake:3:  layout_cave_shapes
Orc:1:    layout_caves, trog_butcher_becter
Orc:2:    st_orc_mages, layout_caves

Skill      XL: |  1  2  3  4  5  6  7  8  9 10 11 12 13 14 15 16 17 |
---------------+----------------------------------------------------+-----
Fighting       | 3 4 5 6 7 8 9 10 11 12 13 | 13.7
Armour         | 2 3 4 5 6 7 8 9 10 11 12 | 12.5
Unarmed Combat | 4 5 6 8 10 11 12 14 15 17 18 19 20 | 20.3
Stealth        | 1 4 5 |  5.0
Invocations    | 1 3 5 6 |  6.2
Throwing       | 1 4 5 |  5.0
Dodging        | 2 |  2.0
Shields        | 1 4 5 |  5.5

Action                     |  1- 3 |  4- 6 |  7- 9 | 10-12 | 13-15 | 16-18 || total
---------------------------+-------+-------+-------+-------+-------+-------++-------
  Melee: Unarmed           |   103 |   105 |   263 |   369 |   907 |   474 ||  2221
         Bite              |    22 |    21 |    63 |   125 |   347 |   152 ||   730
         Punch             |     2 |     1 |     9 |    32 |   112 |       ||   156
  Throw: Javelin           |       |       |       |    47 |   101 |    19 ||   167
 Invoke: Berserk           |     1 |     2 |     2 |     8 |     8 |     4 ||    25
         Trog's Hand       |       |       |     8 |    11 |    40 |    14 ||    73
  Evoke: Wand              |       |       |       |     2 |     2 |       ||     4
    Use: Scroll            |       |     7 |     2 |     9 |     8 |     7 ||    33
         Potion            |       |       |       |     2 |       |       ||     2
   Stab: Sleeping          |     3 |     4 |     5 |     3 |    17 |    13 ||    45
         Distracted        |       |       |       |     1 |     5 |       ||     6
         Held in net/web   |       |       |       |       |     1 |       ||     1
         Confused          |       |       |       |       |       |     2 ||     2
 Armour: Animal skin       |    19 |       |       |       |       |       ||    19
         Leather armour    |    24 |       |       |       |       |       ||    24
         Chain mail        |    50 |    39 |       |       |       |       ||    89
         Shadow dragon sca |       |    37 |   244 |   434 |   843 |   346 ||  1904
  Dodge: Dodged            |    57 |    33 |   135 |   177 |   276 |    99 ||   777
  Block: Other             |       |       |       |    25 |   160 |       ||   185
         Reflection        |       |       |       |       |    16 |    28 ||    44
         Kite shield       |       |       |       |       |    18 |   360 ||   378

Table legend: (Time is in decaauts)
 A = Elapsed time spent in this place.
 B = Non-inter-level travel time spent in this place.
 C = Inter-level travel time spent in this place.
 D = Time resting spent in this place.
 E = Time spent auto-exploring this place.
 F = Levels seen in this place.
 G = Mean time per level.
                   A        B        C        D        E       F      G
               +--------+--------+--------+--------+--------+-----+--------+
         Total |  25041 |  22290 |   2751 |      0 |  16762 |  26 |  963.1 |
       Dungeon |  11770 |  10514 |   1256 |      0 |   8488 |  13 |  905.4 |
          Lair |   6757 |   5886 |    871 |      0 |   4381 |   5 | 1351.4 |
         Swamp |   2515 |   2338 |    177 |      0 |   1502 |   3 |  838.3 |
     Snake Pit |   2544 |   2253 |    291 |      0 |   1485 |   3 |  848.0 |
  Orcish Mines |   1453 |   1299 |    154 |      0 |    904 |   2 |  726.5 |
               +--------+--------+--------+--------+--------+-----+--------+

Top non-repeatable levels by time:
  Lair:2: 1614 daAuts
  Lair:3: 1450 daAuts
  Lair:1: 1353 daAuts
    D:12: 1348 daAuts
     D:8: 1341 daAuts
  Lair:4: 1172 daAuts
  Lair:5: 1167 daAuts
     D:9: 1139 daAuts
    D:10: 1047 daAuts
 Swamp:1: 1027 daAuts
   Orc:2: 968 daAuts
 Snake:1: 878 daAuts
 Snake:3: 875 daAuts
     D:3: 873 daAuts
     D:6: 868 daAuts
